 Dungeon Crawl Stone Soup version 0.21-a0-273-g0785366 (webtiles) character file.

12 rin1221 the Digger (level 2, -1/15 HPs)
             Began as a Gargoyle Earth Elementalist on Sept 16, 2017.
             Slain by a jackal (2 damage)
             ... on level 1 of the Dungeon.
             The game lasted 00:01:27 (695 turns).

rin1221 the Digger (Gargoyle Earth Elementalist)     Turns: 695, Time: 00:01:28

Health: -1/15      AC:  4    Str:  8 (11) XL:     2   Next: 33%
Magic:  1/5        EV: 12    Int: 13 (15) God:
Gold:   13         SH:  0    Dex:  8 (10) Spells: 4/5 levels left

rFire    . . .     SeeInvis .   i - -3 hand axe (curse)
rCold    . . .     Gourm    .   (no shield)
rNeg     + . .     Faith    .   c - +0 robe
rPois    ∞         Spirit   .   (no helmet)
rElec    +         Reflect  .   (no cloak)
rCorr    .         Harm     .   (no gloves)
MR       .....                  (no boots)
Stlth    ++........             (no amulet)
HPRegen  0.05/turn              (no ring)
MPRegen  0.09/turn              (no ring)

@: flying
A: negative energy resistance 1, electricity resistance, unbreathing,
petrification resistance, rot immunity, AC +2
a: no special abilities


You were on level 1 of the Dungeon.
You were not hungry.

You visited 1 branch of the dungeon, and saw 1 of its levels.

You collected 13 gold pieces.

Inventory:

Hand Weapons
 f - a +0 dagger
 i - a cursed -3 hand axe (weapon)
 n - a +0 mace
Missiles
 b - 53 stones (quivered)
 k - 7 javelins
 l - 7 silver tomahawks
Armour
 c - a +0 robe (worn)
Scrolls
 h - 2 scrolls of recharging
Potions
 m - a potion of degeneration
Books
 e - a book of Geomancy

   Spells                             Type                      Level
   a - Sandblast                      Earth                        1
   b - Passwall                       Transmutation/Earth          2
   c - Stone Arrow                    Conjuration/Earth            3
   d - Petrify                        Transmutation/Earth          4
   e - Lee's Rapid Deconstruction     Earth                        5
Comestibles
 d - 2 bread rations
 g - 2 royal jellies


   Skills:
 - Level 1.5 Dodging
 - Level 2.1 Stealth
 + Level 2.4 Spellcasting
   Level 0.7 Transmutations
 + Level 4.0 Earth Magic


You had 4 spell levels left.
You knew the following spells:

 Your Spells              Type           Power        Failure   Level  Hunger
a - Sandblast             Erth           ##....       4%          1    #......


Dungeon Overview and Level Annotations

Branches:
Dungeon (1/15)

Altars:


Innate Abilities, Weirdness & Mutations

You are resistant to torment.
Your stone body is resilient. (AC +2)
You are immune to poison.
You resist negative energy. (rN+)
You are resistant to electric shocks. (rElec)
You can survive without breathing.
You are immune to petrification.
You are immune to rotting.


Message History

The jackal closely misses you.
The hobgoblin hits you but does no damage.
The leopard gecko misses you. The jackal closely misses you.
The jackal completely misses you.
You barely miss the hobgoblin.
The hobgoblin is heavily wounded.
You hit the jackal but do no damage. x2
You hit the leopard gecko but do no damage.
The hobgoblin hits you but does no damage.
The jackal bites you but does no damage.
The leopard gecko barely misses you. The jackal bites you.
* * * LOW HITPOINT WARNING * * *
The hobgoblin misses you.
Unknown command.
You hit the hobgoblin but do no damage.
The hobgoblin is heavily wounded.
You closely miss the jackal. You barely miss the jackal.
You barely miss the leopard gecko. The jackal completely misses you.
The jackal bites you.
You die...

...##.## #....#...#
#####..####..#...#...#
## #..##..#...#...#.. .#
##...#...#...#...#
.#####.#...#...#...#. #
.........#...#...#.. #..
.#####.#...#...#...#...#
..# #...#...#..g#.†.#
#.####.#...#...#@h.#
#...#....#...#.lh#...#
###.#..#...#...#...#...#
###.#....#...#...#...#..
.......#...#...#...#..$#
.........#...#...#...#..
.......#...#...#...#. #
.........#...#...#...#
...........#...#...#.(


You could see a leopard gecko, 2 jackals and a hobgoblin.

Vanquished Creatures
  A leopard gecko (D:1)
  A bat (D:1)
  A hobgoblin (D:1)
  2 jackals (D:1)
  2 kobolds (D:1)
  A ball python (D:1)
  A frilled lizard (D:1)
  A goblin (D:1)
  A rat (D:1)
11 creatures vanquished.

Notes
Turn   | Place    | Note
-------+----------+-------------------------------------------
     0 | D:1      | rin1221 the Gargoyle Earth Elementalist began the quest for the Orb.
     0 | D:1      | Reached XP level 1. HP: 10/10 MP: 3/3
   434 | D:1      | Reached XP level 2. HP: 6/15 MP: 1/5
   682 | D:1      | Reached skill level 4 in Earth Magic
   695 | D:1      | Slain by a jackal

Vault maps used:
D:1:      lemuel_arrival_room, hex_large

Skill      XL: |  1  2 |
---------------+-------+-----
Earth Magic    | 4 |  4.0
Dodging        | |  1.5
Stealth        | |  2.1
Spellcasting   | |  2.4
Transmutations | |  0.7

Action                   || total
-------------------------++-------
Melee: Dagger            ||    16
       Hand axe          ||    20
 Cast: Sandblast         ||    11
  Use: Scroll            ||     1
       Potion            ||     2
Armor: Robe              ||    19
Dodge: Dodged            ||    51

Table legend:
 A = Spawn XP
 B = Non-spawn XP
 C = Spawn XP percentage of total XP
 D = Spawn monster count
 E = Non-spawn monster count
 F = Spawn count percentage of total count
 G = Total turns spent on level
                    A         B        C        D         E        F      G
               +---------+---------+-------+---------+---------+-------+---------
         Total |       0 |      18 |   0.0 |       0 |      11 |   0.0 |   695
               +---------+---------+-------+---------+---------+-------+---------
           D:1 |       0 |      18 |   0.0 |       0 |      11 |   0.0 |   695
               +---------+---------+-------+---------+---------+-------+---------
